 Dungeon Crawl Stone Soup version 0.17-a0-1447-g3d113ad (webtiles) character file.

5109 urechis the Grappler (level 10, -4/104 HPs)
             Began as a Troll Monk on June 29, 2015.
             Was a High Priest of Okawaru.
             Slain by a polar bear (10 damage)
             ... on level 8 of the Dungeon.
             The game lasted 00:21:41 (6218 turns).

urechis the Grappler (Troll Monk)                   Turns: 6218, Time: 00:21:43

Health: -4/104     AC:  6    Str: 26    XL:     10   Next: 32%
Magic:  7/9        EV: 17    Int:  6    God:    Okawaru [*****.]
Gold:   459        SH:  0    Dex: 15    Spells: 0 memorised, 9 levels left

rFire  . . .     SeeInvis .       - Unarmed
rCold  . . .     Clarity  .     I - +0 animal skin
rNeg   . . .     SustAt   .     (no shield)
rPois  .         Gourm    +     (helmet restricted)
rElec  .         Spirit   .     q - +0 cloak
rCorr  .         Warding  .     (gloves unavailable)
rMut   .         Stasis   .     (boots unavailable)
MR     .....                    h - amulet of rage
Stlth  ++........               E - +5 ring of strength
                                G - ring of loudness (curse)

@: heroism, not resistant to hostile enchantments, unstealthy
A: unfitting armour, claws 3, fast metabolism 3, gourmand, regeneration 2,
shaggy fur 1, tough skin 2
a: Heroism, Finesse, Renounce Religion, Evoke Berserk Rage


You were on level 8 of the Dungeon.
You worshipped Okawaru.
Okawaru was extremely pleased with you.
You were not hungry.

You visited 2 branches of the dungeon, and saw 9 of its levels.

You collected 459 gold pieces.

Inventory:

Missiles
 x - 8 poisoned needles
Armour
 q - a +0 cloak (worn)
 I - a +0 animal skin (worn)
Jewellery
 h - an amulet of rage (around neck)
 j - an uncursed amulet of clarity
 s - an uncursed ring of protection from cold
 E - a +5 ring of strength (right claw)
 G - a cursed ring of loudness (left claw)
Scrolls
 a - 4 scrolls of identify
 e - a scroll of immolation
 k - 2 scrolls of recharging
 p - 2 scrolls of remove curse
 r - a scroll of teleportation
 u - 2 scrolls of enchant armour
 v - a scroll of blinking
 y - a scroll of fog
 z - a scroll of random uselessness {unknown}
 C - 2 scrolls of enchant weapon {unknown}
 D - 2 scrolls of noise
 F - a scroll of magic mapping {unknown}
Potions
 d - 3 potions of agility {unknown}
 g - 6 potions of curing
 i - a potion of lignification {unknown}
 l - a potion of ambrosia {unknown}
 n - 5 potions of poison {unknown}
 o - a potion of cure mutation {unknown}
 w - 2 potions of heal wounds {unknown}
 A - 2 potions of cancellation {unknown}
Comestibles
 b - 8 bread rations
 c - 5 meat rations
 f - a slice of pizza
 m - a beef jerky
 t - 10 fruits
 H - 11 royal jellies


   Skills:
 + Level 7.8(12.8) Fighting
 + Level 7.7(12.7) Dodging
 - Level 1.1(6.1) Stealth
 - Level 10.0(15.0) Unarmed Combat


You had 9 spell levels left.
You didn't know any spells.

Dungeon Overview and Level Annotations

Branches:
Dungeon (8/15)             Temple (1/1) D:7
   Lair: D:8-11

Altars:
Ashenzari
Cheibriados
Dithmenos
Elyvilon
Fedhas
Gozag
Kikubaaqudgha
Makhleb
Nemelex Xobeh
Okawaru
Qazlal
Ru
Sif Muna
Trog
Vehumet
Xom
Yredelemnul
Zin
The Shining One


Innate Abilities, Weirdness & Mutations

You are too large for most types of armour.
You have claws for hands.
Your metabolism is lightning-fast.
You like to eat raw meat.
You heal very quickly.
You are covered in fur (AC +1).
You have very tough skin (AC +2).


Message History

The polar bear misses you.
You feel sick.
You are no longer poisoned.
The wolf closely misses you. The wolf bites you but does no damage.
The wolf closely misses you.
The polar bear is no longer bleeding.
The wolf barely misses you.
You closely miss the polar bear.
The polar bear is severely wounded.
The wolf misses you. The polar bear bites you!!
* * * LOW HITPOINT WARNING * * *
The polar bear closely misses you. The polar bear claws you.
* * * LOW HITPOINT WARNING * * *
Use which ability? (? or * to list)
You gain the combat prowess of a mighty hero.
You feel slightly more hungry. The wolf barely misses you.
The polar bear barely misses you. x2
The polar bear misses you. The wolf completely misses you.
The polar bear bites you!
You die...

#........... ...
###..#.#.#
#...>....... ####
#........#
#........... #.
#........# #.####
#........# #....#
#...8....#
#....###.....†..#
#....+.........>#
##...###........#
# #@..# #..#..####
#. # #hh.###....##
#..#. #........###
#....# #...#....#
#.....###........#
#...............#
#..8.$.....8...##
##.............#
##...........##


You could see a polar bear (berserk) and a wolf.

Vanquished Creatures
  The ghost of WellDressedCM the Ducker, an experienced TrBe of Trog (D:6)
  A hill giant (D:7)
  Pikel (D:8)
  Joseph (D:7)
  Sigmund (D:6)
  2 yaks (D:8)
  A hippogriff (D:7)
  Edmund (D:6)
  Duvessa (D:4)
  2 ice beasts
  2 orc warriors (D:7)
  3 slaves
  A wasp (D:7)
  3 ogres
  A sky beast (D:5)
  A phantom (D:4)
  4 giant frogs (D:7)
  Dowan (D:4)
  A gnoll sergeant (D:6)
  4 scorpions
  3 wights (D:7)
  2 crimson imps
  A centaur zombie (D:7)
  An orc priest (D:8)
  A wasp zombie (D:8)
  2 hounds
  3 jellies (D:8)
  3 iguanas
  3 orc wizards
  4 worker ants
  A giant frog simulacrum (D:8)
  A hound skeleton (D:4)
  A mummy (D:7)
  12 gnolls
  11 adders
  A shadow imp (D:5)
  5 oozes (D:8)
  3 worms
  An adder skeleton (D:6)
  An adder simulacrum (D:8)
  5 giant geckos
  17 orcs
  A ball python (D:4)
  2 bat skeletons
  5 giant cockroaches
  4 hobgoblins
  22 jackals
  A quokka (D:3)
  9 bats
  A giant newt (D:5)
  11 goblins
  17 kobolds
  14 rats
202 creatures vanquished.

Notes
Turn   | Place    | Note
--------------------------------------------------------------
     0 | D:1      | urechis the Troll Monk began the quest for the Orb.
     0 | D:1      | Reached XP level 1. HP: 22/22 MP: 0/0
     6 | D:1      | Noticed a hound
     6 | D:1      | Noticed a polar bear
     8 | D:1      | Noticed a swamp worm
    83 | D:1      | Reached XP level 2. HP: 29/29 MP: 1/1
   273 | D:1      | Reached skill level 5 in Unarmed Combat
   273 | D:1      | Reached XP level 3. HP: 36/36 MP: 2/2
   687 | D:2      | Found a shimmering altar of Xom.
  1334 | D:3      | Reached XP level 4. HP: 39/44 MP: 3/3
  1498 | D:3      | Reached skill level 6 in Unarmed Combat
  1514 | D:3      | Reached XP level 5. HP: 11/50 MP: 4/4
  1977 | D:3      | Reached skill level 7 in Unarmed Combat
  2197 | D:4      | Found a snail-covered altar of Cheibriados.
  2240 | D:4      | Found a glowing silver altar of Zin.
  2267 | D:4      | Found a shattered altar of Ashenzari.
  2311 | D:4      | Noticed an ogre
  2320 | D:4      | Killed an ogre
  2320 | D:4      | Reached XP level 6. HP: 47/59 MP: 5/5
  2332 | D:4      | Found a glowing golden altar of the Shining One.
  2342 | D:4      | Reached skill level 8 in Unarmed Combat
  2417 | D:4      | Found a stormy altar of Qazlal.
  2422 | D:4      | Found a sacrificial altar of Ru.
  2600 | D:4      | Found a deep blue altar of Sif Muna.
  2662 | D:4      | Found a shadowy altar of Dithmenos.
  2662 | D:4      | Noticed a phantom
  2701 | D:4      | Killed a phantom
  2701 | D:4      | Reached XP level 7. HP: 57/66 MP: 6/6
  2705 | D:4      | Noticed Duvessa
  2707 | D:4      | Noticed Dowan
  2713 | D:4      | Killed Duvessa
  2723 | D:4      | Killed Dowan
  2723 | D:4      | Reached skill level 9 in Unarmed Combat
  2819 | D:4      | Found a burning altar of Makhleb.
  2986 | D:5      | Entered Level 5 of the Dungeon
  3192 | D:5      | Found an iron altar of Okawaru.
  3325 | D:5      | Became a worshipper of Warmaster Okawaru
  3325 | D:5      | Acquired Okawaru's first power
  3395 | D:5      | Reached skill level 10 in Unarmed Combat
  3453 | D:5      | Reached XP level 8. HP: 74/74 MP: 7/7
  3537 | D:5      | Found a shadowy altar of Dithmenos.
  3865 | D:5      | Found an opulent altar of Gozag.
  3931 | D:6      | Noticed WellDressedCM's ghost (experienced TrBe)
  3950 | D:6      | Killed WellDressedCM's ghost
  4181 | D:6      | Found a radiant altar of Vehumet.
  4193 | D:6      | Reached skill level 5 in Fighting
  4193 | D:6      | Reached XP level 9. HP: 74/88 MP: 8/8
  4350 | D:6      | Reached skill level 5 in Dodging
  4405 | D:6      | Noticed Sigmund
  4423 | D:6      | Killed Sigmund
  4451 | D:6      | Noticed Edmund
  4459 | D:6      | Killed Edmund
  4576 | D:7      | Noticed Joseph
  4584 | D:7      | Killed Joseph
  4592 | D:7      | Paralysed by a wasp for 3 turns
  4931 | D:7      | Found a staircase to the Ecumenical Temple.
  5183 | D:7      | Noticed a hill giant
  5197 | D:7      | Killed a hill giant
  5197 | D:7      | Acquired Okawaru's second power
  5294 | D:7      | Reached XP level 10. HP: 84/102 MP: 9/9
  5787 | Temple   | Entered the Ecumenical Temple
  6061 | D:8      | Noticed Pikel
  6074 | D:8      | Killed Pikel
  6217 | D:8      | HP: 5/104 [polar bear (4)]
  6218 | D:8      | Slain by a polar bear

Vault maps used:
D:1:      onia_arrival_zoo_common
D:2:      first_bread, st_stairs_13, minmay_tree_intersection, xom_teletrap_fun
D:4:      lemuel_doored_altar, cheibriados_altar_1,
          nicolae_ru_sacrificial_ziggurat, nicolae_overflow_hidden_temple,
          old_standard_altar, tgw_sif, overflow_temple_1_default,
          lemuel_crystal_altar, grunt_dithmenos_shadows, uniq_duvessa
D:5:      kennysheep_mini_moat, lemuel_round_altar,
          lemuel_coloured_pillars_altar
D:6:      lemuel_crystal_altar, sigmund_edmund_badplayer
D:7:      minmay_temple_entry_from_below_b, gup_ossuary_entry_pyramid,
          uniq_joseph
D:8:      serial_ice, serial_ice_n, serial_ice_o, serial_ice_e, serial_ice_h,
          hangedman_little_slice_of_home, uniq_pikel, uniq_maurice
Temple:   temple_island_7

Action                   |  1- 3 |  4- 6 |  7- 9 | 10-12 || total
-------------------------+-------+-------+-------+-------++-------
Melee: Unarmed           |    88 |   139 |   231 |    92 ||   550
Invok: Heroism           |       |       |     1 |     1 ||     2
 Abil: Evoke Berserk Rag |       |       |     1 |       ||     1
  Use: Scroll            |       |       |     9 |       ||     9
       Potion            |       |       |     1 |       ||     1
 Stab: Sleeping          |     7 |     5 |     1 |       ||    13
  Eat: Chunk             |    10 |    18 |    24 |     7 ||    59
